 Dungeon Crawl Stone Soup version 0.29-a0-330-g52719c12eb (webtiles) character file.

Game seed: 10392538164451376445

4 kae the Gusty (level 1, -1/16 HPs)
             Began as an Ogre Air Elementalist on Apr 13, 2022.
             Slain by a goblin
             ... wielding a +0 dagger of freezing
              (2 damage)
             ... on level 1 of the Dungeon.
             The game lasted 00:00:50 (443 turns).

kae the Gusty (Ogre Air Elementalist)                Turns: 443, Time: 00:00:51

Health: -1/16      AC:  3    Str: 11    XL:     1   Next: 70%
Magic:  4/4        EV:  9    Int: 16    God:
Gold:   0          SH:  0    Dex:  9    Spells: 4/5 levels left

rFire   . . .      SeeInvis .   (no weapon)
rCold   . . .      Faith    .   (no shield)
rNeg    . . .      Spirit   .   a - +0 robe
rPois   .          Reflect  .   (helmet restricted)
rElec   .          Harm     .   (no cloak)
rCorr   .          Rampage  .   (gloves unavailable)
Will    .....                   (boots unavailable)
Stlth   +.........              (no amulet)
HPRegen 0.05/turn               (no ring)
MPRegen 0.09/turn               (no ring)

@: no status effects
A: large, unfitting armour, tough skin 1
a: no special abilities


You were on level 1 of the Dungeon.
You visited 1 branch of the dungeon, and saw 1 of its levels.

Inventory:

Armour
 a - a +0 robe (worn)


   Skills:
 - Level 1.7 Dodging
 - Level 1.4 Stealth
 + Level 2.5 Spellcasting
 + Level 1.0 Conjurations
 * Level 2.9 Air Magic


You had 4 spell levels left.
You knew the following spells:

 Your Spells              Type           Power      Damage    Failure   Level
a - Shock                 Conj/Air       32%        1d5       9%          1

Your spell library contained the following spells:

 Spells                   Type           Power      Damage    Failure   Level
 Static Discharge         Conj/Air       8%         N/A       13%         2
 Swiftness                Air            11%        N/A       19%         3
 Airstrike                Air            5%         N/A       52%         4


Dungeon Overview and Level Annotations

Branches:
Dungeon (1/15)

Altars:


Innate Abilities, Weirdness & Mutations

You are too large for most types of armour.
You have tough skin. (AC +1)


Message History

The goblin hits you with a +0 dagger of freezing.
The goblin freezes you.
Your magical contamination has completely faded away.
You are too injured to fight recklessly!
You are too injured to fight recklessly!
You are too injured to fight recklessly!
You are too injured to fight recklessly!
Casting: Shock (safe; 9% risk of failure)
Confirm with . or Enter, or press ? or * to list all spells.
You don't have enough magic to cast this spell.
You closely miss the goblin. The goblin hits you but does no damage.
You barely miss the goblin.
The goblin hits you with a +0 dagger of freezing.
The goblin freezes you.
You barely miss the goblin.
The goblin hits you with a +0 dagger of freezing.
* * * LOW HITPOINT WARNING * * *
The goblin freezes you.
* * * LOW HITPOINT WARNING * * *
Casting: Shock (safe; 9% risk of failure)
Confirm with . or Enter, or press ? or * to list all spells.
Aiming: Shock (safe; 9% risk of failure)
Press: ? - help, Shift-Dir - straight line, f - goblin
Aim: a goblin, wielding a +0 dagger of freezing (60% to hit)
The zap misses the goblin.
The goblin closely misses you.
You closely miss the goblin.
The goblin hits you with a +0 dagger of freezing.
* * * LOW HITPOINT WARNING * * *
The goblin freezes you.
* * * LOW HITPOINT WARNING * * *
You closely miss the goblin.
A ball python comes into view.
The goblin hits you but does no damage.
The ball python hisses angrily.
You hit the goblin.
The goblin is moderately wounded.
The goblin hits you but does no damage. Magic courses through your body.
The ball python barely misses you.
The goblin hits you with a +0 dagger of freezing.
You die...

#.#...###
#.....†.####
#..........#
#.......##.#
#.#...####.#
#.#...# #.#
#.##### #.#
#.#####
#.S@g.#
#.###..#
.... .#
#.### .. #.
## #


You could see a goblin and a ball python.

Vanquished Creatures
  A hobgoblin (D:1)
  A kobold (D:1)
  A bat (D:1)
  A frilled lizard (D:1)
  A rat (D:1)
5 creatures vanquished.

Notes
Turn   | Place    | Note
-------+----------+-------------------------------------------
     0 | D:1      | kae the Ogre Air Elementalist began the quest for the Orb.
     0 | D:1      | Reached XP level 1. HP: 16/16 MP: 3/3
   368 | D:1      | Reached skill level 1 in Conjurations
   443 | D:1      | Slain by a goblin

Illustrated notes

Levels and vault maps discovered:
D:1:      beargit_arrival_greenhouse, layout_loops_ring,
          ebering_ecumenical_altar_box, st_stairs_12, minmay_pentomino_v4

Skill      XL: |  1 |
---------------+----+-----
Conjurations   | 1 |  1.0
Dodging        | |  1.7
Stealth        | |  1.4
Spellcasting   | |  2.5
Air Magic      | |  2.9

Action                   || total
-------------------------++-------
Melee: Unarmed           ||    14
 Cast: Shock             ||    14
  Use: Potion            ||     1
Armor: Robe              ||     4
Dodge: Dodged            ||     7

Table legend: (Time is in decaauts)
 A = Elapsed time spent in this place.
 B = Non-inter-level travel time spent in this place.
 C = Inter-level travel time spent in this place.
 D = Time resting spent in this place.
 E = Time spent auto-exploring this place.
 F = Levels seen in this place.
 G = Mean time per level.
                   A        B        C        D        E       F      G
               +--------+--------+--------+--------+--------+-----+--------+
         Total |    443 |    443 |      0 |      0 |    399 |   1 |  443.0 |
       Dungeon |    443 |    443 |      0 |      0 |    399 |   1 |  443.0 |
               +--------+--------+--------+--------+--------+-----+--------+

Top non-repeatable levels by time:
     D:1: 443 daAuts
